 Dungeon Crawl Stone Soup version 0.22-a0-447-gee5f723 (webtiles) character file.

16121 iamserjio the Grappler (level 12, -4/119 HPs)
             Began as a Troll Gladiator on June 3, 2018.
             Was a Follower of Uskayaw.
             Killed from afar by a guardian serpent (18 damage)
             ... with a bolt of poison
             ... on level 12 of the Dungeon.
             The game lasted 00:31:57 (12408 turns).

iamserjio the Grappler (Troll Gladiator)           Turns: 12408, Time: 00:31:58

Health: -4/119     AC: 13    Str: 27    XL:     12   Next: 7%
Magic:  13/17      EV: 11    Int:  4    God:    Uskayaw [*.....]
Gold:   254        SH: 14    Dex: 15    Spells: 11/11 levels left

rFire    . . .     SeeInvis .     - Unarmed
rCold    . . .     Gourm    +   L - +0 shield
rNeg     . . .     Faith    .   V - +0 troll leather armour
rPois    .         Spirit   .   b - +2 hat
rElec    .         Reflect  +   m - +2 cloak (curse)
rCorr    .         Harm     .   (gloves unavailable)
MR       .....                  (boots unavailable)
Stlth    +.........             s - +3 amulet of reflection
HPRegen  1.09/turn              (no ring)
MPRegen  0.15/turn              u - +1 ring of protection

@: lethally poisoned (-4 -> -8), berserk cooldown, slowed, very slow
A: large, unfitting armour, claws 3, blurry vision 1, fast metabolism 3,
gourmand, regeneration 1, shaggy fur 1, strong 1, tough skin 2, MP-powered wands
a: Stomp, Renounce Religion


You were on level 12 of the Dungeon.
You worshipped Uskayaw.
Uskayaw was aware of your devotion.
You were not hungry.

You visited 2 branches of the dungeon, and saw 13 of its levels.
You also visited: Sewer.

You collected 714 gold pieces.
You spent 460 gold pieces at shops.

Inventory:

Hand Weapons
 Q - a +0 morningstar
Missiles
 a - 9 tomahawks (quivered)
 c - 5 throwing nets
 h - 384 stones
 T - 32 poisoned needles
 W - a poisoned tomahawk
 X - 8 javelins of penetration
Armour
 b - a +2 hat (worn)
 m - a cursed +2 cloak (worn)
 y - a +2 robe of fire resistance
 L - a +0 shield (worn)
 O - a +0 robe of the Archmagi
 V - a +0 troll leather armour (worn)
Jewellery
 k - an uncursed ring of fire
 s - a +3 amulet of reflection (around neck)
 u - a +1 ring of protection (right claw)
 M - an uncursed amulet of the acrobat
 S - an uncursed amulet of rage
Wands
 B - a wand of iceblast (13)
 E - a wand of polymorph (31)
 I - a wand of paralysis (11)
Scrolls
 e - 4 scrolls of immolation
 l - 4 scrolls of amnesia
 o - a scroll of blinking {unknown}
 q - 4 scrolls of remove curse {unknown}
 w - 3 scrolls of teleportation
 x - 2 scrolls of fog {unknown}
 C - 4 scrolls of magic mapping {unknown}
 F - 3 scrolls of fear {unknown}
 K - a scroll of random uselessness {unknown}
 P - a scroll of noise {unknown}
 R - a scroll of summoning {unknown}
Potions
 g - a potion of mutation
 j - a potion of magic {unknown}
 n - a potion of degeneration {unknown}
 p - 2 potions of brilliance
 r - 2 potions of haste
 t - 5 potions of might
 v - 2 potions of agility
 z - 9 potions of curing
 A - 4 potions of lignification
 D - a potion of ambrosia {unknown}
 G - 2 potions of berserk rage
 H - 2 potions of flight
 J - a potion of resistance {unknown}
 N - a potion of cancellation {unknown}
 U - 2 potions of heal wounds
Miscellaneous
 i - a box of beasts
Comestibles
 d - 19 rations
 f - 3 chunks of flesh


   Skills:
 + Level 8.1 Fighting
 + Level 2.9 Throwing
 - Level 5.0 Dodging
 + Level 5.7 Shields
 + Level 11.9 Unarmed Combat
 + Level 8.5 Invocations


You had 11 spell levels left.
You didn't know any spells.
Your spell library contained the following spells:

 Spells                   Type           Power        Failure   Level  Hunger
 Cause Fear               Hex            #.........   100%        4    #####..
 Apportation              Tloc           #.....       78%         1    ##.....
 Slow                     Hex            #.......     89%         2    ###....
 Summon Small Mammal      Summ           #...         78%         1    ##.....
 Animate Skeleton         Necr           N/A          78%         1    ##.....
 Confusing Touch          Hex            #.....       78%         1    ##.....
 Corona                   Hex            #......      78%         1    ##.....
 Portal Projectile        Hex/Tloc       #.....       98%         3    ####...
 Leda's Liquefaction      Hex/Erth       #.........   100%        4    #####..
 Inner Flame              Hex/Fire       #.......     98%         3    ####...


Dungeon Overview and Level Annotations

Branches:
Dungeon (12/15)            Temple (0/1) D:4            Lair (0/6) D:11
    Orc (1/2) D:10

Altars:
Ashenzari
Cheibriados
Dithmenos
Fedhas
Gozag
Hepliaklqana
Makhleb
Qazlal
Ru
Sif Muna
Trog
Uskayaw
Yredelemnul
Zin
The Shining One

Shops:
D:4 (   D:9 !

Annotations:
Orc:1 Nergalle


Innate Abilities, Weirdness & Mutations

You are too large for most types of armour.
You have claws for hands.
Your metabolism is lightning-fast.
You like to eat raw meat.
Your natural rate of healing is unusually fast.
You are covered in fur. (AC +1)
You have very tough skin. (AC +2)
Scrolls take you a little longer to read.
Your muscles are strong. (Str +2)
You expend magic power (3 MP) to strengthen your wands.


Message History

You scratch the guardian serpent.
The guardian serpent is heavily wounded.
You feel sick.
You block the guardian serpent's attack.
The guardian serpent hits you!
* * * LOW HITPOINT WARNING * * *
Aiming: Line Pass
Press: ? - help, Dir - move target cursor The guardian serpent appears confused.
You feel somewhat more hungry.
You can no longer pass through a line of other dancers.
You feel sick. The guardian serpent barely misses you.
You block the guardian serpent's attack.
You claw the guardian serpent!
The guardian serpent is almost dead.
You feel sick.
The guardian serpent seems less confused.
The guardian serpent coils itself and waves its upper body at you.
The bolt of poison hits you!
You are more poisoned.
You die...

..#.# #.#.##
##..#.##
..#####..###.#
..........#.##
.#####.##.##
#.#### #S# #
#@# ..#### #.#
[.....# #.#
##.....###.#
#.>...)Y##.##
....[....Y..#
....ยง...##..#
##.....###..#
##S..# #..#


You could see a guardian serpent and a sky beast.

Vanquished Creatures
  Frances (D:12)
  A hydra (D:11)
  5 two-headed ogres
  The ghost of Blackrapter the Skirmisher, a novice DsFi of Okawaru (D:6)
  An ugly thing (D:11)
  A centaur zombie (D:10)
  2 gargoyles
  A troll (D:9)
  Prince Ribbit (D:7)
  A wind drake (shapeshifter) (D:11)
  2 hippogriffs
  A spriggan (D:7)
  A shadow (D:11)
  Sigmund (D:3)
  2 wraiths
  3 yaks (D:11)
  A wyvern (D:11)
  Menkaure (D:5)
  2 hungry ghosts (D:10)
  A two-headed ogre zombie (D:10)
  3 acid dragons (D:11)
  5 orc warriors
  2 sky beasts
  An ice beast (D:5)
  2 necrophages
  A phantom (D:10)
  7 ogres
  7 centaurs
  2 big kobolds
  Blork the orc (D:4)
  7 bullfrogs
  2 gnoll sergeants
  A water moccasin zombie (D:8)
  2 scorpions
  2 troll zombies (D:10)
  8 killer bees
  5 howler monkeys
  5 crimson imps
  2 quasits
  3 jellies
  6 orc priests
  2 bullfrog skeletons
  5 hounds
  A centaur skeleton (D:7)
  A gnoll shaman (D:4)
  3 iguanas
  17 orc wizards
  8 worker ants
  A killer bee zombie (D:6)
  5 ogre zombies (D:10)
  3 hound skeletons
  13 gnolls
  9 adders
  2 shadow imps
  2 oozes
  5 worms
  3 dart slugs
  11 leopard geckos
  46 orcs
  8 giant cockroaches
  7 goblins
  3 hobgoblins
  19 jackals
  6 quokkas
  4 ball pythons
  11 bats
  5 frilled lizards
  5 goblin zombies (D:10)
  A hobgoblin skeleton (D:10)
  13 kobolds
  A leopard gecko skeleton (D:7)
  5 orc skeletons (D:10)
  14 orc zombies (D:10)
  A quokka skeleton (D:4)
  A quokka zombie (D:6)
  3 rats
348 creatures vanquished.

Vanquished Creatures (others)
  An orc warrior (Orc:1)
  A centaur (D:11)
2 creatures vanquished.

Grand Total: 350 creatures vanquished

Notes
Turn   | Place    | Note
-------+----------+-------------------------------------------
     0 | D:1      | iamserjio the Troll Gladiator began the quest for the Orb.
     0 | D:1      | Reached XP level 1. HP: 19/19 MP: 0/0
   113 | D:1      | Reached XP level 2. HP: 26/28 MP: 1/1
   225 | D:1      | Found a shattered altar of Ashenzari.
   305 | D:1      | Reached XP level 3. HP: 35/35 MP: 2/2
   800 | D:2      | Found a hide-covered altar of Uskayaw.
   803 | D:2      | Noticed a dagger
   803 | D:2      | Noticed a hand axe
   815 | D:2      | Became a worshipper of Uskayaw the Reveler
   971 | D:2      | Reached * piety under Uskayaw
  1253 | D:2      | Reached skill level 4 in Unarmed Combat
  1253 | D:2      | Reached ** piety under Uskayaw
  1273 | D:2      | Found a glowing golden altar of the Shining One.
  1342 | D:2      | Reached XP level 4. HP: 41/42 MP: 3/3
  1724 | D:3      | Found a glowing drain.
  1750 | Sewer    | Entered a sewer
  2099 | D:3      | Found a deep blue altar of Sif Muna.
  2126 | D:3      | Found a bloodstained altar of Trog.
  2391 | D:3      | Noticed Sigmund
  2393 | D:3      | Gained mutation: Your muscles are strong. (Str +2) [potion of mutation]
  2393 | D:3      | Gained mutation: Scrolls take you a little longer to read. [potion of mutation]
  2393 | D:3      | Gained mutation: You expend magic power (3 MP) to strengthen your wands. [potion of mutation]
  2415 | D:3      | Killed Sigmund
  2415 | D:3      | Reached skill level 1 in Invocations
  2415 | D:3      | Reached XP level 5. HP: 30/50 MP: 0/5
  2415 | D:3      | Reached *** piety under Uskayaw
  2487 | D:3      | Found a stormy altar of Qazlal.
  2493 | D:3      | Found a basalt altar of Yredelemnul.
  2500 | D:3      | Reached XP level 6. HP: 59/59 MP: 6/6
  2504 | D:3      | Reached skill level 5 in Unarmed Combat
  2842 | D:4      | Noticed Blork the orc
  3203 | D:4      | Found Yduosut's Antique Weapon Shop.
  3326 | D:4      | Found a staircase to the Ecumenical Temple.
  3491 | D:4      | Reached XP level 7. HP: 45/67 MP: 3/7
  3497 | D:4      | Reached **** piety under Uskayaw
  3774 | D:4      | Killed Blork the orc
  3839 | D:5      | Entered Level 5 of the Dungeon
  3857 | D:5      | Found a sacrificial altar of Ru.
  3971 | D:5      | Noticed Menkaure
  3973 | D:5      | Killed Menkaure
  3973 | D:5      | Reached skill level 6 in Unarmed Combat
  4122 | D:5      | Reached XP level 8. HP: 41/78 MP: 9/9
  4408 | D:5      | You fall through a shaft!
  4504 | D:6      | Found a blossoming altar of Fedhas.
  4508 | D:6      | Reached skill level 7 in Unarmed Combat
  4753 | D:5      | Found a glowing silver altar of Zin.
  4754 | D:5      | Found an opulent altar of Gozag.
  5190 | D:6      | Noticed a two-headed ogre
  5195 | D:6      | Killed a two-headed ogre
  5195 | D:6      | Reached skill level 5 in Dodging
  5195 | D:6      | Reached skill level 8 in Unarmed Combat
  5195 | D:6      | Reached XP level 9. HP: 84/85 MP: 6/11
  5207 | D:6      | Noticed Blackrapter's ghost (novice DsFi)
  5416 | D:6      | Killed Blackrapter's ghost
  5416 | D:6      | Reached skill level 5 in Fighting
  5559 | D:6      | Found a shadowy altar of Dithmenos.
  5726 | D:6      | Reached skill level 9 in Unarmed Combat
  6015 | D:7      | Reached skill level 5 in Invocations
  6065 | D:7      | Noticed Prince Ribbit
  6077 | D:7      | Killed Prince Ribbit
  6676 | D:7      | Found a burning altar of Makhleb.
  6683 | D:7      | Found a hazy altar of Hepliaklqana.
  7169 | D:8      | Reached skill level 1 in Shields
  7285 | D:8      | Reached XP level 10. HP: 93/98 MP: 13/13
  7318 | D:8      | Noticed a two-headed ogre
  7328 | D:8      | Killed a two-headed ogre
  7328 | D:8      | Reached skill level 10 in Unarmed Combat
  7946 | D:8      | Found a snail-covered altar of Cheibriados.
  8215 | D:9      | Reached ***** piety under Uskayaw
  8596 | D:9      | Found Rautwid's Distillery.
  8833 | D:9      | Noticed a two-headed ogre
  9284 | D:9      | Killed a two-headed ogre
  9477 | D:9      | Bought a potion of lignification for 30 gold pieces
  9477 | D:9      | Bought a potion of curing for 30 gold pieces
  9477 | D:9      | Bought a potion of agility for 40 gold pieces
  9477 | D:9      | Bought a potion of haste for 100 gold pieces
  9477 | D:9      | Bought 2 potions of heal wounds for 100 gold pieces
  9477 | D:9      | Bought a potion of curing for 30 gold pieces
  9477 | D:9      | Bought 2 potions of curing for 60 gold pieces
  9477 | D:9      | Bought a potion of curing for 30 gold pieces
  9477 | D:9      | Bought a potion of brilliance for 40 gold pieces
  9497 | D:10     | Entered Level 10 of the Dungeon
  9497 | D:10     | Noticed a two-headed ogre
  9515 | D:9      | Killed a two-headed ogre
  9661 | D:10     | Reached XP level 11. HP: 107/107 MP: 15/15
  9688 | D:10     | Reached skill level 11 in Unarmed Combat
  9925 | D:10     | Found a staircase to the Orcish Mines.
  9973 | D:10     | Reached ****** piety under Uskayaw
 10508 | Orc:1    | Entered Level 1 of the Orcish Mines
 10577 | Orc:1    | Noticed an orc high priest
 10579 | Orc:1    | Noticed Nergalle
 10665 | D:11     | Noticed a two-headed ogre
 10681 | D:11     | Killed a two-headed ogre
 11002 | D:11     | Noticed a five-headed hydra
 11004 | D:11     | Killed a five-headed hydra
 11004 | D:11     | Reached skill level 5 in Shields
 11328 | D:11     | Noticed a brown ugly thing
 11345 | D:11     | Killed a brown ugly thing
 11993 | D:11     | Found a staircase to the Lair.
 12276 | D:12     | Noticed a death knight
 12277 | D:12     | Noticed a skeletal warrior
 12277 | D:12     | Noticed a skeletal warrior
 12383 | D:12     | Noticed Frances
 12394 | D:12     | Killed Frances
 12394 | D:12     | Reached XP level 12. HP: 48/119 MP: 17/17
 12408 | D:12     | Killed from afar by a guardian serpent

Vault maps used:
D:1:      minmay_arrival_cross, evilmike_ruin_ashenzari
D:2:      nicolae_tso_carved_into_rock, dancing_weapons_uskayaw,
          corexii_hall_statues_t, mrwooster_statue_mirror
D:3:      old_standard_altar, bloody_trog, grunt_temple_overflow_open,
          serial_curves, eino_curves_03, eino_curves_01, eino_curves_03,
          eino_curves_04, portal_sewer_entry_a, uniq_sigmund
D:4:      minmay_temple_entry_hall, serial_shops, nicolae_shop_stone,
          first_ration, uniq_blork_the_orc
D:5:      grunt_temple_overflow_gold_and_silver, nicolae_ru_path_of_blood,
          uniq_menkaure
D:6:      fedhas_altar_2, overflow_temple_1_default
D:7:      minitemple, the_bakery, uniq_prince_ribbit1
D:8:      cheibrodos_worm_habitat
D:9:      serial_shops, nicolae_shop_behind_doors
D:10:     zombieorc2_lemuel
D:11:     kennysheep_big_flooded_room, lair_entry_dummy, lemuel_old_faithful
D:12:     nrook_guardian_serpent_double, uniq_rupert, uniq_frances
Orc:1:    uniq_nergalle
Sewer:    sewer_co_purgy_island

Skill      XL: |  1  2  3  4  5  6  7  8  9 10 11 |
---------------+----------------------------------+-----
Throwing       | 2 |  2.9
Fighting       | 2 3 4 5 6 8 |  8.1
Unarmed Combat | 4 5 6 8 9 10 11 | 11.9
Dodging        | 3 4 5 |  5.0
Invocations    | 1 2 3 4 5 7 8 |  8.5
Shields        | 1 3 5 |  5.7

Action                   |  1- 3 |  4- 6 |  7- 9 | 10-12 || total
-------------------------+-------+-------+-------+-------++-------
Melee: Unarmed           |    91 |   197 |   265 |   482 ||  1035
       Punch             |       |     3 |     6 |       ||     9
Throw: Tomahawk          |       |       |       |     9 ||     9
Invok: Stomp             |       |     2 |     1 |     6 ||     9
       Line Pass         |       |       |     1 |     8 ||     9
       Grand Finale      |       |       |       |     2 ||     2
Evoke: Wand              |       |       |     1 |       ||     1
  Use: Potion            |       |     5 |       |     2 ||     7
       Scroll            |       |       |    11 |     7 ||    18
 Stab: Sleeping          |     2 |       |     2 |     1 ||     5
       Paralysed         |       |     2 |     4 |    31 ||    37
       Confused          |       |       |     1 |     1 ||     2
  Eat: Chunk             |     9 |    18 |    29 |    43 ||    99
       Ration            |       |     1 |     1 |     3 ||     5
Armor: Robe              |    34 |    73 |    89 |    31 ||   227
       Troll leather arm |       |       |       |    90 ||    90
Dodge: Dodged            |    42 |   108 |   120 |   161 ||   431
Block: Shield            |       |       |    24 |   274 ||   298
       Reflection        |       |       |       |    21 ||    21

Table legend:
 A = Spawn XP
 B = Non-spawn XP
 C = Spawn XP percentage of total XP
 D = Spawn monster count
 E = Non-spawn monster count
 F = Spawn count percentage of total count
 G = Total turns spent on level
                    A         B        C        D         E        F      G
               +---------+---------+-------+---------+---------+-------+---------
         Total |       0 |   23031 |   0.0 |       0 |     350 |   0.0 | 12408
               +---------+---------+-------+---------+---------+-------+---------
           D:1 |       0 |      54 |   0.0 |       0 |      24 |   0.0 |   743
           D:2 |       0 |      49 |   0.0 |       0 |      16 |   0.0 |   934
           D:3 |       0 |     288 |   0.0 |       0 |      29 |   0.0 |   951
           D:4 |       0 |     544 |   0.0 |       0 |      26 |   0.0 |  1037
           D:5 |       0 |     873 |   0.0 |       0 |      25 |   0.0 |  1292
           D:6 |       0 |    2035 |   0.0 |       0 |      15 |   0.0 |   911
           D:7 |       0 |    1438 |   0.0 |       0 |      28 |   0.0 |  1061
           D:8 |       0 |    1804 |   0.0 |       0 |      30 |   0.0 |  1185
           D:9 |       0 |    3492 |   0.0 |       0 |      32 |   0.0 |  1266
          D:10 |       0 |    2726 |   0.0 |       0 |      56 |   0.0 |  1012
          D:11 |       0 |    6662 |   0.0 |       0 |      46 |   0.0 |  1646
          D:12 |       0 |    2599 |   0.0 |       0 |       6 |   0.0 |   117
         Orc:1 |       0 |     464 |   0.0 |       0 |      14 |   0.0 |    79
         Sewer |       0 |       3 |   0.0 |       0 |       3 |   0.0 |   174
               +---------+---------+-------+---------+---------+-------+---------
